Map: Pendiente de Agustín EE

Players

MrFercho

  • Race: Zerg Zerg
  • Spawn Location: 6:00

TATORREA

  • Race: Protoss Protoss
  • League: Silver
  • Spawn Location: 5:00

tigro

  • Race: Terran Terran
  • League: Bronze
  • Spawn Location: 6:00

Toposgg - Winner!

  • Race: Terran Terran
  • Spawn Location: 12:00

Mauro - Winner!

  • Race: Protoss Protoss
  • League: Silver
  • Spawn Location: 11:00

Putinsky - Winner!

  • Race: Zerg Zerg
  • League: Gold
  • Spawn Location: 12:00

VOD

Have the link to the VOD?

Description

Time

  • Played on: June 10, 2020, 10:27 p.m.
  • Length: 7:11
Show
View Real Time Build Order
Export as new Build Order

MrFercho Zerg 

Build Orders: Hatch First 

Get SALT Encoding   

  12  0:01  Drone  
  13  0:13  Overlord  
  13  0:30  Drone  
  14  0:45  Drone x3  
  17  0:58  Drone  
  17  1:00  Hatchery  
  17  1:24  Spawning Pool  
  16  1:26  Drone x2  
  18  1:42  Drone x2  
  20  1:48  Extractor  
  20  1:51  Drone  
  20  2:01  Overlord  
  20  2:13  Roach Warren  
  19  2:23  Drone x2  
  19  2:24  Drone  
  19  2:27  Queen x2  
  26  2:30  Drone  
  27  2:47  Spine Crawler  
  26  2:57  Roach x4  
  34  3:17  Drone x2  
  34  3:51  Roach x2  
  34  3:53  Overlord x3  
  32  4:05  Extractor  
  31  4:12  Drone  
  31  4:13  Drone x6  
  38  4:35  Lair  
  38  4:37  Extractor  
  37  4:40  Spine Crawler  
  34  4:53  Roach x6  
  34  4:58  Zergling x4  
  48  5:44  Evolution Chamber  
  31  6:12  Spire  
  29  6:22  Roach x2  
  21  6:25  Zergling x2  
  21  6:26  Zergling x24  
Show
View Real Time Build Order
Export as new Build Order

TATORREA Protoss 

Build Orders:  

Get SALT Encoding   

  12  0:01  Probe  
  13  0:22  Probe  
  13  0:23  Pylon  
  14  0:30  Probe  
  14  0:32  Assimilator  
  15  0:38  Probe  
  16  0:48  Probe  
  16  0:53  Gateway  
  17  1:00  Probe  
  18  1:10  Gateway  
  18  1:13  Probe  
  19  1:25  Probe  
  20  1:44  Zealot  
  22  2:17  Cybernetics Core  
  22  2:20  Gateway  
  22  2:25  Nexus  
  20  2:44  Probe  
  5  3:55  Probe  
  5  4:08  Probe  
  6  4:22  Probe  
  7  4:34  Probe  
  6  4:47  Probe  
Show
View Real Time Build Order
Export as new Build Order

tigro Terran 

Build Orders:  

Get SALT Encoding   

  12  0:03  SCV  
  13  0:15  SCV  
  14  0:26  Supply Depot  
  14  0:29  SCV  
  15  0:36  Refinery  
  15  0:48  SCV  
  16  0:57  Barracks  
  16  1:06  SCV  
  17  1:15  Refinery  
  17  1:18  SCV  
  18  1:30  SCV  
  19  1:42  SCV  
  19  1:46  Marine  
  21  1:53  Barracks  
  21  1:54  SCV  
  22  2:04  Marine  
  23  2:14  Supply Depot  
  23  2:35  Marine  
  23  2:36  SCV  
  24  2:53  Marine  
  24  3:11  Marine x2  
  25  3:29  Marine x2  
  27  3:45  Factory  
  27  3:46  Marine  
  27  3:47  Marine  
  29  4:04  Marine x2  
  28  4:22  Marine x2  
  24  5:00  Barracks Tech Lab  
  24  5:01  Barracks Tech Lab  
  24  5:04  Hellion  
  24  5:25  Hellion  
  24  5:46  Hellion  
  12  5:50  Marine x2  
  5  5:58  SCV  
  6  6:08  Marine x2  
Show
View Real Time Build Order
Export as new Build Order

Toposgg Terran - Winner!

Build Orders:  

Get SALT Encoding   

  12  0:00  SCV  
  13  0:13  SCV  
  14  0:17  Supply Depot  
  14  0:25  SCV  
  15  0:39  SCV, Barracks  
  16  0:46  Refinery  
  16  0:51  SCV  
  17  1:12  SCV  
  19  1:26  Orbital Command  
  18  1:34  Reaper  
  19  1:59  SCV  
  20  2:11  SCV  
  20  2:14  Refinery  
  21  2:17  Command Center  
  21  2:22  Factory  
  21  2:23  SCV  
  21  2:25  Marine  
  23  2:38  Supply Depot  
  23  3:00  SCV  
  23  3:01  Supply Depot  
  24  3:12  SCV  
  25  3:20  Marine  
  25  3:24  SCV  
  27  3:36  SCV  
  27  3:38  Marine  
  29  3:48  SCV  
  30  3:56  SCV, Marine  
  30  3:58  Factory Tech Lab  
  30  4:00  SCV  
  33  4:04  Starport  
  33  4:08  SCV  
  34  4:10  Armory  
  34  4:12  SCV  
  34  4:13  Marine  
  36  4:22  Hellion  
  38  4:27  SCV x2  
  38  4:30  Refinery  
  40  4:31  Marine  
  40  4:32  Refinery  
  41  4:39  SCV  
  41  4:44  Hellion  
  44  4:49  Marine  
  45  4:55  Liberator  
  48  5:00  Starport  
  48  5:01  Terran Vehicle Weapons Level 1  
  48  5:03  SCV x2  
  50  5:07  Marine  
  50  5:10  Hellion  
  53  5:15  SCV  
  54  5:21  Supply Depot  
  54  5:23  Supply Depot  
  54  5:25  SCV, Marine  
  54  5:26  Supply Depot  
  56  5:31  Hellion  
  58  5:42  Marine  
  59  6:00  SCV x2  
  61  6:07  Starport Tech Lab  
  61  6:08  Starport Tech Lab  
  61  6:12  SCV x2, Factory  
  61  6:14  Hellion  
  61  6:15  Marine  
  66  6:22  Command Center  
  64  6:32  Marine  
  64  6:36  Hellion  
Show
View Real Time Build Order
Export as new Build Order

Mauro Protoss - Winner!

Build Orders:  

Get SALT Encoding   

  1  0:00  Probe  
  12  0:05  Probe  
  14  0:21  Pylon  
  14  0:26  Probe  
  15  0:33  Assimilator  
  15  0:41  Forge  
  15  0:47  Probe  
  16  0:59  Probe  
  17  1:13  Probe  
  18  1:21  Probe  
  19  1:30  Pylon  
  19  1:31  Probe  
  19  2:11  Gateway  
  19  2:16  Pylon  
  19  3:00  Photon Cannon  
  19  3:01  Photon Cannon  
  19  3:02  Photon Cannon  
  19  3:11  Cybernetics Core  
  19  3:14  Probe  
  19  3:15  Assimilator  
  20  3:26  Probe  
  21  3:38  Probe  
  22  3:41  Pylon  
  22  3:50  Probe  
  23  3:56  Stargate  
  23  3:58  Stargate  
  23  3:59  Probe  
  23  4:07  Probe  
  23  4:09  Photon Cannon  
  24  4:13  Photon Cannon  
  25  4:17  Probe  
  25  4:19  Pylon  
  26  4:29  Probe  
  27  4:41  Void Ray x2  
  35  4:50  Photon Cannon  
  35  4:52  Photon Cannon  
  35  4:55  Photon Cannon  
  35  5:02  Pylon  
  35  5:24  Pylon  
  35  5:25  Pylon  
  35  5:32  Pylon  
  35  5:38  Pylon  
  35  5:44  Pylon  
  35  5:51  Pylon  
  35  6:12  Photon Cannon  
  35  6:18  Photon Cannon  
Show
View Real Time Build Order
Export as new Build Order

Putinsky Zerg - Winner!

Build Orders: Pool First 

Get SALT Encoding   

  12  0:13  Drone  
  13  0:27  Spawning Pool  
  13  0:28  Drone  
  13  0:34  Extractor  
  12  0:39  Drone x2  
  14  0:46  Overlord  
  14  1:08  Drone x2  
  16  1:20  Zergling x2  
  16  1:23  Zergling x2  
  18  1:27  Queen  
  20  1:37  Metabolic Boost  
  20  1:51  Zergling x4  
  22  1:57  Overlord  
  22  2:06  Overlord  
  21  2:19  Zergling x2  
  22  2:27  Zergling x2  
  22  2:49  Zergling x2  
  22  2:50  Zergling x2  
  24  3:05  Zergling x2  
  25  3:16  Zergling x6  
  28  3:36  Zergling x2  
  29  3:41  Hatchery  
  29  3:45  Zergling x2  
  29  3:46  Zergling x6  
  27  3:58  Zergling x2  
  27  4:12  Zergling x2  
  26  4:23  Zergling x2  
  27  4:29  Zergling x2  
  28  4:44  Zergling x2  
  29  4:49  Zergling x2  
  30  4:58  Queen, Evolution Chamber  
  31  5:02  Zergling x6  
  34  5:10  Zergling x2  
  35  5:18  Zergling x2  
  36  5:30  Zergling x8  
  36  5:31  Zergling x6  
  42  5:53  Zergling x4  
  43  5:59  Zergling x4  
  43  6:00  Zergling x2, Overlord x2  
  41  6:15  Zergling x4  
  41  6:16  Zergling x2  
  41  6:46  Zergling x12  
Tags
 
Add a new tag
Caveats
  • Supply blocks, unpowered buildings, or Contaminate may cause inaccurate times.
  • Supply counts are checked every 10 seconds.